 Dungeon Crawl Stone Soup version 0.28-a0-533-g9f97627e2a (webtiles) character file.

Game seed: 1380488287342162910

33 Crimsonway the Skirmisher (level 3, -23/29 HPs)
             Began as a Demonspawn Abyssal Knight on Sept 25, 2021.
             Was a Follower of Lugonu.
             Killed by an exploding kobold (32 damage)
             ... ignited by their inner flame
             ... on level 2 of the Dungeon.
             The game lasted 00:08:42 (807 turns).

Crimsonway the Skirmisher (DsAK)                     Turns: 807, Time: 00:08:42

Health: -23/29     AC:  6    Str: 14    XL:     3   Next: 12%
Magic:  5/5        EV: 11    Int: 11    God:    Lugonu [*.....]
Gold:   38         SH:  3    Dex: 13    Spells: 2/2 levels left

rFire   . . .      SeeInvis .   a - +1 spear
rCold   . . .      Faith    .   q - +0 buckler
rNeg    . . .      Spirit   .   g - +0 ring mail
rPois   .          Reflect  .   (no helmet)
rElec   .          Harm     .   k - +0 cloak
rCorr   .          Rampage  .   (no gloves)
Will    .....                   (no boots)
Stlth   +.........              (no amulet)
HPRegen 0.09/turn               (no ring)
MPRegen 0.09/turn               (no ring)

@: mighty
A: repulsion field 1, foul stench 1
a: Renounce Religion, Depart the Abyss


You were on level 2 of the Dungeon.
You worshipped Lugonu.
Lugonu was aware of your devotion.
You visited 1 branch of the dungeon, and saw 2 of its levels.
You visited the Abyss 1 time.

You collected 38 gold pieces.

Inventory:

Hand Weapons
 a - a +1 spear (weapon)
 i - a +0 dagger
 j - a +0 dagger
 l - a +0 club
Missiles
 c - 64 stones
 p - 14 poisoned darts
Armour
 b - a +0 leather armour
 f - a +0 leather armour
 g - a +0 ring mail (worn)
 k - a +0 cloak (worn)
 m - a +0 leather armour
 q - a +0 buckler (worn)
Scrolls
 e - a scroll of immolation
 h - a scroll of vulnerability {unknown}
 n - a scroll of noise {unknown}
 o - a scroll of teleportation {unknown}


   Skills:
 + Level 3.4 Fighting
 + Level 2.4 Polearms
 + Level 2.1 Armour
 + Level 0.9 Dodging
 + Level 2.8 Invocations


You had 2 spell levels left.
You didn't know any spells.
Your spell library contained the following spells:

 Spells                   Type           Power      Damage    Failure   Level
 Beastly Appendage        Tmut           0%         N/A       75%         1
 Wereblood                Tmut           0%         N/A       87%         2
 Spider Form              Tmut/Pois      0%         N/A       98%         3


Dungeon Overview and Level Annotations

Branches:
Dungeon (2/15)

Altars:


Innate Abilities, Weirdness & Mutations

You are surrounded by a mild repulsion field. (EV +2)
You may rarely emit foul miasma when damaged in melee.


Message History

You closely miss the adder. The adder bites you but does no damage.
The kobold throws a stone.
The stone hits you but does no damage.
You barely miss the adder. You block the adder's attack.
The kobold throws a stone.
The stone hits you but does no damage. The adder bites you.
You barely miss the adder. The adder bites you.
You hit the adder but do no damage. The adder bites you but does no damage.
The adder bites you.
You are poisoned.
The adder poisons you!
You completely miss the adder.
You feel sick. The kobold hits you with a +0 dagger. The adder bites you.
You closely miss the adder.
You feel sick. The adder bites you but does no damage.
The kobold barely misses you.
You closely miss the adder.
You feel sick. The adder misses you. The kobold hits you with a +0 dagger.
The adder bites you but does no damage.
You miss the adder.
You feel sick. The kobold closely misses you. The adder barely misses you.
The kobold hits you with a +0 dagger.
As you read the scroll of immolation, it crumbles to dust.
The creatures around you are filled with an inner flame!
You feel sick.
You are no longer poisoned.
The adder misses you. The kobold hits you but does no damage.
You block the adder's attack.
It was a potion of might.
You feel very mighty all of a sudden. The adder bites you but does no damage.
The kobold hits you but does no damage.
You closely miss the adder. The adder bites you but does no damage.
The kobold hits you but does no damage.
You miss the adder. The adder barely misses you. The kobold barely misses you.
You closely miss the adder. The adder closely misses you. x2
The kobold hits you but does no damage.
You barely miss the adder. The adder barely misses you.
The kobold hits you with a +0 dagger.
You puncture the kobold! Lugonu accepts your kill.
The kobold explodes!
The fiery explosion engulfs you!!
Ouch! That really hurt!
You die...

. ..# .# #. #.. #.. #
..# ..# ..# ..#..
#..?#.. # #
#...#...#.S.#.. #
..#...#§..#...# #
#...#..§#...#.. #
..#...#@S.#...# #
#....#...#...#...#.. #
#..#...#...#...#...#
#####....#...#...#...#..
.......#...#...#...#...#
..#..#...#...#...#...#..
#.#..#.#...#...#...#...#
#.#......#...#...#...#..
#.# ##...#...#...#...#


You could see an adder (inner flame).

Vanquished Creatures
  2 endoplasms (D:1)
  5 goblins
  4 hobgoblins (D:1)
  3 jackals (D:2)
  3 kobolds
  3 quokkas (D:1)
  3 ball pythons (D:1)
  5 frilled lizards
  4 rats (D:1)
32 creatures vanquished.

Notes
Turn   | Place    | Note
-------+----------+-------------------------------------------
     0 | Abyss:1  | Crimsonway the Demonspawn Abyssal Knight began the quest
                  | for the Orb.
     0 | Abyss:1  | Reached XP level 1. HP: 18/18 MP: 2/2
    72 | D:1      | Escaped the Abyss
   181 | D:1      | Gained mutation: You are surrounded by a mild repulsion
                  | field. (EV +2) [demonic ancestry]
   181 | D:1      | Reached XP level 2. HP: 11/24 MP: 4/4
   431 | D:1      | Reached * piety under Lugonu
   745 | D:2      | Gained mutation: You may rarely emit foul miasma when
                  | damaged in melee. [demonic ancestry]
   745 | D:2      | Reached XP level 3. HP: 29/29 MP: 5/5
   807 | D:2      | Killed by an exploding kobold... ignited by their inner
                  | flame

Illustrated notes

Levels and vault maps discovered:
D:1:      dpeg_arrival_solitude, layout_basic,
          shapermc_ecumenical_altar_mp_vishouse
D:2:      layout_loops_ring, basic_altar, hex_large, minmay_pentomino_pile

Skill      XL: |  1  2  3 |
---------------+----------+-----
Polearms       | 2 |  2.4
Armour         | 2 |  2.1
Fighting       | |  3.4
Dodging        | |  0.9
Invocations    | |  2.8

Action                   || total
-------------------------++-------
Melee: Spear             ||   117
Invok: Depart the Abyss  ||     1
  Use: Scroll            ||     2
       Potion            ||     1
Armor: Ring mail         ||    67
       Leather armour    ||     3
Dodge: Dodged            ||    93
Block: Buckler           ||     7

Table legend: (Time is in decaauts)
 A = Elapsed time spent in this place.
 B = Non-inter-level travel time spent in this place.
 C = Inter-level travel time spent in this place.
 D = Time resting spent in this place.
 E = Time spent auto-exploring this place.
 F = Levels seen in this place.
 G = Mean time per level.
                   A        B        C        D        E       F      G
               +--------+--------+--------+--------+--------+-----+--------+
         Total |    808 |    808 |      0 |      0 |      0 |   3 |  269.3 |
       Dungeon |    736 |    736 |      0 |      0 |      0 |   2 |  368.0 |
         Abyss |     72 |     72 |      0 |      0 |      0 |   1 |   72.0 |
               +--------+--------+--------+--------+--------+-----+--------+

Top non-repeatable levels by time:
     D:1: 615 daAuts
     D:2: 120 daAuts
 Abyss:1: 72 daAuts
